3L
SEATTLE ROCKETEERS @ LAS VEGAS FLAMINGOS
09/23/2042
 
TOP OF THE 1ST
Seattle Rocketeers batting - Pitching for Las Vegas Flamingos : RHP Eddie Kop
Pitching: RHP Eddie Kop
Batting: SHB Lodd Felton 0-0: Foul Ball, location: 2F
0-1: Ball
1-1: Ball
2-1: Ground out 4-3 (Groundball, 4, EV 89.4 MPH)
Batting: RHB Jur Prokop 0-0: Called Strike
0-1: Ball
1-1: Ball
2-1: Foul Ball, location: 2F
2-2: Fly out, F3 (Line Drive, 4, EV 68.1 MPH)
Batting: RHB Gah-fat Liu 0-0: SINGLE (Groundball, 6MD, EV 98.8 MPH)
Batting: RHB Jason Slaybaugh 0-0: Ball
1-0: Fly out, F9 (Flyball, 9, EV 85.0 MPH)
Top of the 1st over - 0 runs, 1 hit, 0 errors, 1 left on base; Seattle 0 - Las Vegas 0
BOTTOM OF THE 1ST
Las Vegas Flamingos batting - Pitching for Seattle Rocketeers : LHP Markus Widner
Pitching: LHP Markus Widner
Batting: LHB Dirk Horwedel 0-0: Ball
1-0: Fly out, F7 (Flyball, 7LSF, EV 88.1 MPH)
Batting: LHB Chan-ho Shinn 0-0: Ball
1-0: Called Strike
1-1: Called Strike
1-2: Ball
2-2: SINGLE (Groundball, 4D, EV 109.4 MPH)
Batting: RHB Ernest Lesley 0-0: Ball
1-0: Called Strike
1-1: Foul Ball, location: 2F
1-2: Strikes out swinging
Batting: RHB Esteban León 0-0: Ball
1-0: Hit by Pitch
Chan-ho Shinn to second
Batting: LHB Lewis N. Clark 0-0: Ball
1-0: Foul Ball, location: 2F
1-1: Ball
2-1: Ground out 4-3 (Groundball, 4MS, EV 63.8 MPH)
Bottom of the 1st over - 0 runs, 1 hit, 0 errors, 2 left on base; Seattle 0 - Las Vegas 0
TOP OF THE 2ND
Seattle Rocketeers batting - Pitching for Las Vegas Flamingos : RHP Eddie Kop
Batting: LHB Manoo Satyavrat 0-0: Ball
1-0: Foul Ball, location: 2F
1-1: Called Strike
1-2: Ball
2-2: Foul Ball, location: 2F
2-2: Ball
3-2: Foul Ball, location: 2F
3-2: Foul Ball, location: 2F
3-2: Base on Balls
Batting: RHB Alain Grosjean 0-0: Ball
1-0: Foul Ball, location: 2F
1-1: Ball
2-1: SINGLE (Line Drive, 89S, EV 96.2 MPH)
Manoo Satyavrat to second
Runner from 2nd tries for 3rd, SAFE, no throw by RF
Batting: LHB Seung-jae Kyong 0-0: Fly out, F3 (Popup, 3F, EV 56.9 MPH)
Batting: SHB Yasuhiko Onishi 0-0: Called Strike
0-1: Ball
1-1: Called Strike
1-2: DOUBLE (Flyball, 89XD, EV 111.2 MPH)
Manoo Satyavrat scores
Alain Grosjean to third
Batting: RHB Yakamochi Ota 0-0: Called Strike
0-1: Called Strike
0-2: Foul Ball, location: 2F
0-2: Ball
1-2: Ball
2-2: Foul Ball, location: 2F
2-2: Foul Ball, location: 2F
2-2: Ball
3-2: SINGLE (Line Drive, 89M, EV 92.5 MPH)
Alain Grosjean scores
Yasuhiko Onishi to third
Batting: SHB Lodd Felton 0-0: Swinging Strike
0-1: Swinging Strike
0-2: Ball
1-2: Foul Ball, location: 2F
1-2: Ball
2-2: Fielders Choice at 2nd, 6-4 (Groundball, 6, EV 89.4 MPH)
Yasuhiko Onishi scores
Batting: RHB Jur Prokop 0-0: Ball
1-0: Ball
2-0: Swinging Strike
2-1: Ball
3-1: Swinging Strike
3-2: 2-RUN HOME RUN (Line Drive, 7LD, EV 98.8 MPH), Distance : 356 ft
Batting: RHB Gah-fat Liu 0-0: Ball
1-0: SINGLE (Groundball, 56D, EV 103.8 MPH)
Batting: RHB Jason Slaybaugh 0-0: Ball
1-0: Ball
2-0: SINGLE (Line Drive, 89S, EV 98.8 MPH)
Gah-fat Liu to second
Runner from 2nd tries for 3rd, SAFE, throw by RF made to third
Batting: LHB Manoo Satyavrat 0-0: Ball
1-0: Ball
2-0: Swinging Strike
2-1: Fly out, F3 (Line Drive, 3, EV 66.9 MPH)
Top of the 2nd over - 5 runs, 6 hits, 0 errors, 2 left on base; Seattle 5 - Las Vegas 0
BOTTOM OF THE 2ND
Las Vegas Flamingos batting - Pitching for Seattle Rocketeers : LHP Markus Widner
Batting: RHB Eric Deweese 0-0: Called Strike
0-1: Ball
1-1: Foul Ball, location: 2F
1-2: SINGLE (Flyball, 89S, EV 90.6 MPH)
Batting: LHB Joo-Chan Park 0-0: Ball
1-0: Called Strike
1-1: Ball
2-1: Foul Ball, location: 2F
2-2: Grounds into double play, 5-4-3 (Groundball, 56, EV 102.5 MPH)
Batting: RHB Juan Ibarra 0-0: SOLO HOME RUN (Flyball, 7D, EV 93.1 MPH), Distance : 386 ft
Batting: LHB Lao Tian 0-0: Called Strike
0-1: Ground out U3 (Groundball, 34S, EV 90.0 MPH)
Bottom of the 2nd over - 1 run, 2 hits, 0 errors, 0 left on base; Seattle 5 - Las Vegas 1
TOP OF THE 3RD
Seattle Rocketeers batting - Pitching for Las Vegas Flamingos : RHP Eddie Kop
Batting: RHB Alain Grosjean 0-0: Ball
1-0: Called Strike
1-1: Ground out U3 (Groundball, 34, EV 80.6 MPH)
Batting: LHB Seung-jae Kyong 0-0: Ball
1-0: Fly out, F9 (Flyball, 8RM, EV 88.8 MPH)
Batting: SHB Yasuhiko Onishi 0-0: Ball
1-0: Ball
2-0: Swinging Strike
2-1: Ball
3-1: Called Strike
3-2: Ground out 1-3 (Groundball, 13S, EV 71.9 MPH)
Top of the 3rd over - 0 runs, 0 hits, 0 errors, 0 left on base; Seattle 5 - Las Vegas 1
BOTTOM OF THE 3RD
Las Vegas Flamingos batting - Pitching for Seattle Rocketeers : LHP Markus Widner
Batting: LHB Dirk Horwedel 0-0: Foul Ball, location: 2F
0-1: Foul Ball, location: 2F
0-2: Ball
1-2: Strikes out swinging
Batting: LHB Chan-ho Shinn 0-0: Ball
1-0: Ball
2-0: Called Strike
2-1: Ball
3-1: Foul Ball, location: 2F
3-2: Ground out U3 (Groundball, 3L, EV 110.0 MPH)
Batting: RHB Ernest Lesley 0-0: Ground out 4-3 (Groundball, 4, EV 98.8 MPH)
Bottom of the 3rd over - 0 runs, 0 hits, 0 errors, 0 left on base; Seattle 5 - Las Vegas 1
TOP OF THE 4TH
Seattle Rocketeers batting - Pitching for Las Vegas Flamingos : RHP Eddie Kop
Batting: RHB Yakamochi Ota 0-0: Ball
1-0: Called Strike
1-1: Ground out 5-3 (Groundball, 56, EV 103.1 MPH)
Batting: SHB Lodd Felton 0-0: Ball
1-0: Ground out 1-3 (Groundball, 34S, EV 87.5 MPH)
Batting: RHB Jur Prokop 0-0: Ground out 4-3 (Groundball, 4, EV 77.5 MPH)
Top of the 4th over - 0 runs, 0 hits, 0 errors, 0 left on base; Seattle 5 - Las Vegas 1
BOTTOM OF THE 4TH
Las Vegas Flamingos batting - Pitching for Seattle Rocketeers : LHP Markus Widner
Batting: RHB Esteban León 0-0: SINGLE (Flyball, 89S, EV 88.1 MPH)
Batting: LHB Lewis N. Clark 0-0: Called Strike
Esteban León steals 2nd base
0-1: Ball
1-1: Ball
2-1: Swinging Strike
2-2: Ball
3-2: Ground out 3-1 (Groundball, 34, EV 83.8 MPH)
Esteban León to third
Batting: RHB Eric Deweese 0-0: Ball
1-0: SINGLE (Line Drive, 89S, EV 99.4 MPH)
Esteban León scores
Batting: LHB Joo-Chan Park 0-0: Called Strike
0-1: Ball
1-1: Called Strike
1-2: Ball
2-2: Foul Ball, location: 2F
2-2: DOUBLE (Line Drive, 78XD, EV 112.5 MPH)
Eric Deweese to third
Batting: RHB Juan Ibarra 0-0: Ball
1-0: Foul Ball, location: 2F
1-1: Ground out 6-3 (Groundball, 6, EV 109.4 MPH)
Eric Deweese scores
Batting: LHB Lao Tian 0-0: Ball
1-0: Called Strike
1-1: Ground out 6-3 (Groundball, 6, EV 85.6 MPH)
Bottom of the 4th over - 2 runs, 3 hits, 0 errors, 1 left on base; Seattle 5 - Las Vegas 3
TOP OF THE 5TH
Seattle Rocketeers batting - Pitching for Las Vegas Flamingos : RHP Eddie Kop
Batting: RHB Gah-fat Liu 0-0: Foul Ball, location: 2F
0-1: Fly out, F4 (Popup, 4, EV 53.8 MPH)
Batting: RHB Jason Slaybaugh 0-0: Ball
1-0: Ball
2-0: SINGLE (Flyball, 8LS, EV 88.8 MPH)
Pitching: LHP Javier Desdin
Batting: LHB Manoo Satyavrat 0-0: Called Strike
0-1: Ball
1-1: Called Strike
1-2: Foul Ball, location: 2F
1-2: Ball
2-2: Ball
3-2: Strikes out looking
Jason Slaybaugh is caught stealing 2nd base 2-6
Batter strikes out.
Top of the 5th over - 0 runs, 1 hit, 0 errors, 0 left on base; Seattle 5 - Las Vegas 3
BOTTOM OF THE 5TH
Las Vegas Flamingos batting - Pitching for Seattle Rocketeers : LHP Markus Widner
Batting: LHB Dirk Horwedel 0-0: Called Strike
0-1: Ball
1-1: Swinging Strike
1-2: Strikes out looking
Pitching: LHP Hermenegildo Beliago
Batting: LHB Chan-ho Shinn 0-0: Ball
1-0: Called Strike
1-1: Ground out 6-3 (Groundball, 56, EV 91.9 MPH)
Batting: RHB Ernest Lesley 0-0: Ball
1-0: Ground out 6-3 (Groundball, 6, EV 83.8 MPH)
Bottom of the 5th over - 0 runs, 0 hits, 0 errors, 0 left on base; Seattle 5 - Las Vegas 3
TOP OF THE 6TH
Seattle Rocketeers batting - Pitching for Las Vegas Flamingos : LHP Javier Desdin
Batting: RHB Alain Grosjean 0-0: SINGLE (Line Drive, 78S, EV 93.8 MPH)
Batting: LHB Seung-jae Kyong 0-0: Foul Ball, location: 2F
0-1: Sac Bunt to 3S - play at first, batter OUT! 3-4
Alain Grosjean to second
Batting: SHB Yasuhiko Onishi 0-0: Ball
1-0: Fly out, F8 (Flyball, 8RM, EV 89.4 MPH)
Batting: RHB Yakamochi Ota 0-0: Ball
1-0: Swinging Strike
1-1: Called Strike
1-2: Ball
2-2: Ground out 5-3 (Groundball, 5S, EV 73.8 MPH)
Top of the 6th over - 0 runs, 1 hit, 0 errors, 1 left on base; Seattle 5 - Las Vegas 3
BOTTOM OF THE 6TH
Las Vegas Flamingos batting - Pitching for Seattle Rocketeers : LHP Hermenegildo Beliago
Batting: RHB Esteban León 0-0: Swinging Strike
0-1: Called Strike
0-2: Ball
1-2: SINGLE (Groundball, 6MD, EV 94.4 MPH)
Batting: LHB Lewis N. Clark 0-0: Ball
1-0: Swinging Strike
1-1: Called Strike
1-2: Ball
2-2: Strikes out looking
Batting: RHB Eric Deweese 0-0: SINGLE (Line Drive, 89S, EV 105.0 MPH)
Esteban León to second
Batting: LHB Joo-Chan Park 0-0: Ball
1-0: Grounds into double play, 4-6-3 (Groundball, 4M, EV 85.6 MPH)
Bottom of the 6th over - 0 runs, 2 hits, 0 errors, 1 left on base; Seattle 5 - Las Vegas 3
TOP OF THE 7TH
Seattle Rocketeers batting - Pitching for Las Vegas Flamingos : LHP Javier Desdin
Batting: SHB Lodd Felton 0-0: Ball
1-0: Ball
2-0: Swinging Strike
2-1: Foul Ball, location: 2F
2-2: Ball
3-2: Strikes out swinging
Batting: RHB Jur Prokop 0-0: SINGLE (Groundball, 56D, EV 101.9 MPH)
Batting: RHB Gah-fat Liu 0-0: Called Strike
0-1: Called Strike
0-2: Foul Ball, location: 2F
0-2: Ball
Jur Prokop is caught stealing 2nd base 2-4
1-2: Reached on error, E5 (Groundball, 5, EV 86.2 MPH)
Batting: RHB Jason Slaybaugh 0-0: Ball
1-0: Swinging Strike
1-1: Called Strike
1-2: Ball
2-2: Foul Ball, location: 2F
2-2: Ball
3-2: Foul Ball, location: 2F
3-2: Fly out, F4 (Popup, 4MD, EV 66.9 MPH)
Top of the 7th over - 0 runs, 1 hit, 1 error, 1 left on base; Seattle 5 - Las Vegas 3
BOTTOM OF THE 7TH
Las Vegas Flamingos batting - Pitching for Seattle Rocketeers : LHP Hermenegildo Beliago
Batting: RHB Juan Ibarra 0-0: Ground out 6-3 (Groundball, 6, EV 92.5 MPH)
Batting: LHB Lao Tian 0-0: Foul Ball, location: 2F
0-1: Foul Ball, location: 2F
0-2: Ball
1-2: Foul Ball, location: 2F
1-2: Strikes out swinging
Batting: LHB Dirk Horwedel 0-0: Ball
1-0: SOLO HOME RUN (Flyball, 9D, EV 91.9 MPH), Distance : 371 ft
Batting: LHB Chan-ho Shinn 0-0: Called Strike
0-1: Ball
1-1: Ball
2-1: Called Strike
2-2: Foul Ball, location: 2F
2-2: Ball
3-2: Fly out, F8 (Flyball, 8RXD, EV 92.5 MPH)
Bottom of the 7th over - 1 run, 1 hit, 0 errors, 0 left on base; Seattle 5 - Las Vegas 4
TOP OF THE 8TH
Seattle Rocketeers batting - Pitching for Las Vegas Flamingos : LHP Javier Desdin
Batting: LHB Manoo Satyavrat 0-0: Swinging Strike
0-1: Fly out, F8 (Flyball, 8RS, EV 91.9 MPH)
Pitching: RHP Dan Seymour
Batting: RHB Alain Grosjean 0-0: Ball
1-0: Foul Ball, location: 2F
1-1: Swinging Strike
1-2: Fly out, F7 (Flyball, 7, EV 73.8 MPH)
Batting: LHB Seung-jae Kyong 0-0: Ball
1-0: Ball
2-0: Fly out, F9 (Flyball, 89M, EV 86.2 MPH)
Top of the 8th over - 0 runs, 0 hits, 0 errors, 0 left on base; Seattle 5 - Las Vegas 4
BOTTOM OF THE 8TH
Las Vegas Flamingos batting - Pitching for Seattle Rocketeers : LHP Hermenegildo Beliago
Batting: RHB Ernest Lesley 0-0: Ball
1-0: Ball
2-0: Ball
3-0: Called Strike
3-1: SINGLE (Groundball, 56D, EV 97.5 MPH)
Pitching: RHP Eugenio Piñeiro
Pinch Hitting: LHB Braxton Cottongame 0-0: Ball
1-0: Swinging Strike
1-1: Called Strike
1-2: Strikes out swinging
Batting: LHB Lewis N. Clark 0-0: Ball
1-0: DOUBLE (Flyball, 78XD, EV 95.0 MPH)
Ernest Lesley to third
Batting: RHB Eric Deweese 0-0: Ground out 6-3 (Groundball, 56, EV 100.0 MPH)
Batting: LHB Joo-Chan Park 0-0: Called Strike
0-1: Ball
1-1: Ball
2-1: Foul Ball, location: 2F
2-2: Foul Ball, location: 2F
2-2: Ball
3-2: Base on Balls
Batting: RHB Juan Ibarra 0-0: SINGLE (Line Drive, 89M, EV 101.9 MPH)
Ernest Lesley scores
Lewis N. Clark to third
Joo-Chan Park to second
Batting: LHB Lao Tian 0-0: Foul Ball, location: 2F
0-1: Ground out 4-3 (Groundball, 4, EV 83.1 MPH)
Bottom of the 8th over - 1 run, 3 hits, 0 errors, 3 left on base; Seattle 5 - Las Vegas 5
TOP OF THE 9TH
Seattle Rocketeers batting - Pitching for Las Vegas Flamingos : RHP Dan Seymour
Pitching: LHP Takejiro Masuda
Now at SS: Cisco Feijoo
Batting: SHB Yasuhiko Onishi 0-0: Ball
1-0: Foul Ball, location: 2F
1-1: Ground out 4-3 (Groundball, 4, EV 91.2 MPH)
Pinch Hitting: RHB Mathew Mayo 0-0: Called Strike
0-1: Ground out 5-3 (Groundball, 56, EV 81.9 MPH)
Pinch Hitting: RHB Dana O'Quinlevan 0-0: Called Strike
0-1: Foul Ball, location: 2F
0-2: Ball
1-2: Foul Ball, location: 2F
1-2: Ball
2-2: Ball
3-2: Foul Ball, location: 2F
3-2: DOUBLE (Line Drive, 89M, EV 91.2 MPH)
Batting: RHB Jur Prokop 0-0: Fly out, F3 (Popup, 34, EV 63.1 MPH)
Top of the 9th over - 0 runs, 1 hit, 0 errors, 1 left on base; Seattle 5 - Las Vegas 5
BOTTOM OF THE 9TH
Las Vegas Flamingos batting - Pitching for Seattle Rocketeers : RHP Eugenio Piñeiro
Pitching: RHP Wu-ti Xuan
Now at 3B: Mike Case
Now in LF: Guy Toussaint
Batting: LHB Dirk Horwedel 0-0: Ball
1-0: Ground out 4-3 (Groundball, 4, EV 80.6 MPH)
Batting: LHB Chan-ho Shinn 0-0: Called Strike
0-1: Fly out, F7 (Flyball, 7, EV 90.6 MPH)
Batting: RHB Ernest Lesley 0-0: Ball
1-0: Foul Ball, location: 2F
1-1: Ground out 6-3 (Groundball, 6, EV 106.9 MPH)
Bottom of the 9th over - 0 runs, 0 hits, 0 errors, 0 left on base; Seattle 5 - Las Vegas 5
TOP OF THE 10TH
Seattle Rocketeers batting - Pitching for Las Vegas Flamingos : LHP Takejiro Masuda
Batting: RHB Gah-fat Liu 0-0: Ball
1-0: Foul Ball, location: 2F
1-1: Foul Ball, location: 2F
1-2: Foul Ball, location: 2F
1-2: Ball
2-2: Fly out, F8 (Flyball, 8LS, EV 80.0 MPH)
Batting: RHB Jason Slaybaugh 0-0: Fly out, F6 (Popup, 6MD, EV 48.1 MPH)
Batting: LHB Manoo Satyavrat 0-0: Ball
1-0: Foul Ball, location: 2F
1-1: Foul Ball, location: 2F
1-2: Strikes out swinging
Top of the 10th over - 0 runs, 0 hits, 0 errors, 0 left on base; Seattle 5 - Las Vegas 5
BOTTOM OF THE 10TH
Las Vegas Flamingos batting - Pitching for Seattle Rocketeers : RHP Wu-ti Xuan
Batting: RHB Cisco Feijoo 0-0: Ball
1-0: Ball
2-0: Called Strike
2-1: SINGLE (Line Drive, 34, EV 99.4 MPH)
Batting: LHB Lewis N. Clark 0-0: Fly out, F9 (Flyball, 9LSF, EV 84.4 MPH)
Batting: RHB Eric Deweese 0-0: SINGLE (Groundball, 6D, EV 101.2 MPH)
Cisco Feijoo to second
Batting: LHB Joo-Chan Park 0-0: Ball
1-0: Called Strike
1-1: Ball
2-1: Grounds into double play, 3-6-3 (Groundball, 3, EV 83.8 MPH)
Bottom of the 10th over - 0 runs, 2 hits, 0 errors, 1 left on base; Seattle 5 - Las Vegas 5
TOP OF THE 11TH
Seattle Rocketeers batting - Pitching for Las Vegas Flamingos : LHP Takejiro Masuda
Pitching: RHP Munoto Morishita
Batting: RHB Alain Grosjean 0-0: Ball
1-0: Ground out 6-3 (Groundball, 6, EV 84.4 MPH)
Batting: LHB Seung-jae Kyong 0-0: Ground out 6-3 (Groundball, 6S, EV 90.0 MPH)
Batting: SHB Yasuhiko Onishi 0-0: Called Strike
0-1: Ball
1-1: Foul Ball, location: 2F
1-2: Foul Ball, location: 2F
1-2: Ball
2-2: Ball
3-2: Base on Balls
Batting: RHB Mike Case 0-0: Swinging Strike
0-1: Swinging Strike
0-2: Ball
1-2: Ball
2-2: Fielders Choice at 2nd, 5-4 (Groundball, 56, EV 103.8 MPH)
Top of the 11th over - 0 runs, 0 hits, 0 errors, 1 left on base; Seattle 5 - Las Vegas 5
BOTTOM OF THE 11TH
Las Vegas Flamingos batting - Pitching for Seattle Rocketeers : RHP Wu-ti Xuan
Pinch Hitting: LHB Adrián Gómez 0-0: Ball
1-0: Called Strike
1-1: Fly out, F9 (Flyball, 9S, EV 88.1 MPH)
Batting: LHB Lao Tian 0-0: Ball
1-0: Foul Ball, location: 2F
1-1: Ball
2-1: Ball
3-1: Called Strike
3-2: Base on Balls
Batting: LHB Dirk Horwedel 0-0: Called Strike
0-1: Ball
1-1: Foul Ball, location: 2F
1-2: Foul Ball, location: 2F
1-2: Ball
2-2: Ball
3-2: Foul Ball, location: 2F
3-2: Base on Balls
Lao Tian to second
Pitching: RHP Min-chor Chon
Batting: LHB Chan-ho Shinn 0-0: Ball
1-0: Called Strike
1-1: Reached on error, E1 (Groundball, 34S, EV 94.4 MPH)
Lao Tian to third
Dirk Horwedel to second
Batting: RHB Ernest Lesley 0-0: Grounds into fielders choice 6-2 (Groundball, 6, EV 82.5 MPH)
Dirk Horwedel to third
Chan-ho Shinn to second
Batting: RHB Cisco Feijoo 0-0: Ball
1-0: Ground out 5-3 (Groundball, 5S, EV 68.1 MPH)
Bottom of the 11th over - 0 runs, 0 hits, 1 error, 3 left on base; Seattle 5 - Las Vegas 5
TOP OF THE 12TH
Seattle Rocketeers batting - Pitching for Las Vegas Flamingos : RHP Munoto Morishita
Now at C: Adrián Gómez
Pinch Hitting: LHB Ken Norris 0-0: Swinging Strike
0-1: Foul Ball, location: 2F
0-2: Fly out, F7 (Flyball, 7, EV 95.0 MPH)
Batting: RHB Jur Prokop 0-0: Ball
1-0: Fly out, F7 (Line Drive, 7D, EV 93.1 MPH)
Batting: RHB Gah-fat Liu 0-0: Ball
1-0: Ball
2-0: Swinging Strike
2-1: Swinging Strike
2-2: Ball
3-2: Strikes out looking
Top of the 12th over - 0 runs, 0 hits, 0 errors, 0 left on base; Seattle 5 - Las Vegas 5
BOTTOM OF THE 12TH
Las Vegas Flamingos batting - Pitching for Seattle Rocketeers : RHP Min-chor Chon
Now in RF: Ken Norris
Batting: LHB Lewis N. Clark 0-0: Swinging Strike
0-1: Foul Ball, location: 2F
0-2: Strikes out swinging
Batting: RHB Eric Deweese 0-0: Ball
1-0: Swinging Strike
1-1: Foul Ball, location: 2F
1-2: Ground out 5-3 (Groundball, 56S, EV 63.1 MPH)
Batting: LHB Joo-Chan Park 0-0: Ball
1-0: Called Strike
1-1: Ball
2-1: Foul Ball, location: 2F
2-2: Foul Ball, location: 2F
2-2: Ground out 6-3 (Groundball, 6M, EV 94.4 MPH)
Bottom of the 12th over - 0 runs, 0 hits, 0 errors, 0 left on base; Seattle 5 - Las Vegas 5
TOP OF THE 13TH
Seattle Rocketeers batting - Pitching for Las Vegas Flamingos : RHP Munoto Morishita
Batting: RHB Jason Slaybaugh 0-0: Called Strike
0-1: Called Strike
0-2: Strikes out swinging
Batting: LHB Manoo Satyavrat 0-0: Called Strike
0-1: Ball
1-1: Ball
2-1: Called Strike
2-2: Foul Ball, location: 2F
2-2: Fly out, F7 (Line Drive, 7, EV 91.2 MPH)
Pitching: RHP Dermot Eridge
Batting: RHB Alain Grosjean 0-0: Ball
1-0: Foul Ball, location: 2F
1-1: Hit by Pitch
Batting: LHB Seung-jae Kyong Pickoff Throw to First - Out! 1-3
Top of the 13th over - 0 runs, 0 hits, 0 errors, 0 left on base; Seattle 5 - Las Vegas 5
BOTTOM OF THE 13TH
Las Vegas Flamingos batting - Pitching for Seattle Rocketeers : RHP Min-chor Chon
Batting: LHB Adrián Gómez 0-0: Ball
1-0: Swinging Strike
1-1: Ball
2-1: Called Strike
2-2: Ball
3-2: Foul Ball, location: 2F
3-2: Strikes out looking
Batting: LHB Lao Tian 0-0: Ball
1-0: Called Strike
1-1: Ground out 4-3 (Groundball, 4M, EV 101.9 MPH)
Batting: LHB Dirk Horwedel 0-0: Ball
1-0: Ball
2-0: Ball
3-0: Called Strike
3-1: SINGLE (Groundball, 56D, EV 110.6 MPH)
Batting: LHB Chan-ho Shinn 0-0: Ball
1-0: Called Strike
Dirk Horwedel is caught stealing 2nd base 2-6
Bottom of the 13th over - 0 runs, 1 hit, 0 errors, 0 left on base; Seattle 5 - Las Vegas 5
TOP OF THE 14TH
Seattle Rocketeers batting - Pitching for Las Vegas Flamingos : RHP Dermot Eridge
Batting: LHB Seung-jae Kyong 0-0: Ball
1-0: Foul Ball, location: 2F
1-1: Ground out 4-3 (Groundball, 4M, EV 107.5 MPH)
Batting: SHB Yasuhiko Onishi 0-0: Called Strike
0-1: Swinging Strike
0-2: Ball
1-2: Ball
2-2: Ground out 3-1 (Groundball, 34, EV 75.6 MPH)
Batting: RHB Mike Case 0-0: Called Strike
0-1: Foul Ball, location: 2F
0-2: Ball
1-2: Ball
2-2: Fly out, F8 (Line Drive, 8RD, EV 100.0 MPH)
Top of the 14th over - 0 runs, 0 hits, 0 errors, 0 left on base; Seattle 5 - Las Vegas 5
BOTTOM OF THE 14TH
Las Vegas Flamingos batting - Pitching for Seattle Rocketeers : RHP Min-chor Chon
Batting: LHB Chan-ho Shinn 0-0: SOLO HOME RUN (Flyball, 9LD, EV 105.6 MPH), Distance : 358 ft
Friday, March 26th, 2021 - OOTP Baseball 20.8 Build 74